 Dungeon Crawl Stone Soup version 0.30-a0-1102-g2dbb833546 (webtiles) character file.

Game seed: 17814362628667040917

67 Essalna the Gusty (level 4, -3/26 HPs)
             Began as a Tengu Air Elementalist on Apr 18, 2023.
             Slain by Crazy Yiuf
             ... wielding a +3 quarterstaff of chaos
              (5 damage)
             ... while petrified by Crazy Yiuf
             ... on level 2 of the Dungeon.
             The game lasted 00:04:21 (2136 turns).

Essalna the Gusty (Tengu Air Elementalist)          Turns: 2136, Time: 00:04:22

Health: -3/26      AC:  2    Str:  8    XL:     4   Next: 16%
Magic:  4/8        EV:  2    Int: 17    God:
Gold:   191        SH:  0    Dex: 15    Spells: 6/7 levels left

rFire   . . .      SeeInvis .    (no weapon)
rCold   . . .      Faith    .    (no shield)
rNeg    + + +      Spirit   .    a - +0 robe
rPois   ∞          Reflect  .    (helmet restricted)
rElec   .          Rampage  .    (no cloak)
rCorr   .                        (no gloves)
Will    .....                    (boots unavailable)
Stlth   ++                       (no amulet)
HPRegen 0.24/turn                (no ring)
MPRegen 0.11/turn                (no ring)

@: mighty, lethally poisoned (-3 -> -3), petrified
A: beak, talons 3
a: no special abilities


You were on level 2 of the Dungeon.
You visited 1 branch of the dungeon, and saw 2 of its levels.

You collected 191 gold pieces.

Inventory:

Armour
 a - a +0 robe (worn)
Scrolls
 c - a scroll of noise {unknown}
 d - a scroll of magic mapping {unknown}
 e - 2 scrolls of amnesia {unknown}
 f - a scroll of blinking {unknown}
 g - a scroll of enchant armour {unknown}
 i - 3 scrolls of identify {unknown}
 j - a scroll of fear {unknown}
Potions
 b - a potion of magic
 h - a potion of might {unknown}
 k - a potion of curing {unknown}


   Skills:
 + Level 1.9 Fighting
 - Level 2.1 Dodging
 - Level 2.0 Stealth
 - Level 2.0 Spellcasting
 + Level 3.1 Conjurations
 + Level 4.9 Air Magic


You had 6 spell levels left.
You knew the following spells:

 Your Spells              Type           Power      Damage    Failure   Level
a - Shock                 Conj/Air       60%        1d6       3%          1

Your spell library contained the following spells:

 Spells                   Type           Power      Damage    Failure   Level
 Static Discharge         Conj/Air       30%        2-4/arc   5%          2
 Swiftness                Air            18%        N/A       8%          3
 Airstrike                Air            9%         2d(2-18)  26%         4


Dungeon Overview and Level Annotations

Branches:
Dungeon (2/15)

Altars:

Annotations:
D:2 Crazy Yiuf


Innate Abilities, Weirdness & Mutations

You have a beak for a mouth.
You have claws for feet.


Message History

Aiming: Shock (safe; 3% risk of failure)
Press: ? - help, Shift-Dir - straight line The zap hits Crazy Yiuf.
Crazy Yiuf is moderately wounded.
Crazy Yiuf screams, "Papa!
Line dark hand."
Casting: Shock (safe; 3% risk of failure)
Confirm with . or Enter, or press ? or * to list all spells.
Aiming: Shock (safe; 3% risk of failure)
Press: ? - help, Shift-Dir - straight line The zap hits Crazy Yiuf.
Crazy Yiuf is moderately wounded.
Crazy Yiuf hits you with a +3 quarterstaff of chaos.
You are slowing down.
Casting: Shock (safe; 3% risk of failure)
Confirm with . or Enter, or press ? or * to list all spells.
Aiming: Shock (safe; 3% risk of failure)
Press: ? - help, Shift-Dir - straight line The zap hits Crazy Yiuf.
Crazy Yiuf is severely wounded.
Crazy Yiuf hits you with a +3 quarterstaff of chaos!
Crazy Yiuf burns you. Crazy Yiuf completely misses you.
Your limbs are stiffening.
Casting: Shock (safe; 3% risk of failure)
Confirm with . or Enter, or press ? or * to list all spells.
Aiming: Shock (safe; 3% risk of failure)
Press: ? - help, Shift-Dir - straight line The zap hits Crazy Yiuf.
Crazy Yiuf is severely wounded.
Crazy Yiuf says, "Crazy?
Crazy!?
PORCUPINE!"
Crazy Yiuf hits you with a +3 quarterstaff of chaos!
* * * LOW HITPOINT WARNING * * *
You are lethally poisoned!
You have turned to stone.
Crazy Yiuf barely misses you.
Your magical contamination has completely faded away.
Crazy Yiuf hits you with a +3 quarterstaff of chaos!
* * * LOW HITPOINT WARNING * * *
You feel very mighty all of a sudden.
Crazy Yiuf hits you with a +3 quarterstaff of chaos!
You die...

........# #..#
#....#..........
..~###..# #.##
##.#.#.#.#######
~≈#...#.# #.#
#.......# ≈≈#.⌠.#.#
### #######.#
≈≈#...#.## ###
≈≈~###...# ♣♣♣♣♣###
≈≈≈~....## ###
♣♣♣.♣..#.#####
≈≈≈~.:..#
#...#♣..♣.PP......#
≈≈≈###..#
#...g@♣♣♣♣P.....#.#
≈≈#...#.## #)..#♣♣
♣♣.#..##.#
≈≈#.⌠.#..# ###
♣♣#####.####
~~#...#..# #......
..~###...# #..####
.........###### ###
#..# #
..######.##.#.# #.#
#..# # ..#
#.##.#.###.# .#
#..# # ###
#.##....##.# .#
.#.# #


You could see Crazy Yiuf.

Vanquished Creatures
  A gnoll (D:1)
  A worm (D:2)
  2 dart slugs
  8 endoplasms
  3 giant cockroaches (D:2)
  6 goblins
  A hobgoblin (D:2)
  2 jackals (D:2)
  2 quokkas
  2 ball pythons (D:2)
  5 bats
  3 frilled lizards
  8 kobolds
  3 rats (D:1)
47 creatures vanquished.

Notes
Turn   | Place    | Note
-------+----------+-------------------------------------------
     0 | D:1      | Essalna the Tengu Air Elementalist began the quest for the
                  | Orb.
     0 | D:1      | Reached XP level 1. HP: 10/10 MP: 4/4
   132 | D:1      | Reached skill level 1 in Fighting
   132 | D:1      | Reached XP level 2. HP: 15/16 MP: 0/6
   388 | D:1      | Reached XP level 3. HP: 20/20 MP: 4/7
  1175 | D:2      | Found a faded altar of an unknown god.
  1768 | D:2      | Reached XP level 4. HP: 26/26 MP: 5/8
  2116 | D:2      | Found a runed translucent door.
  2117 | D:2      | Noticed Crazy Yiuf
  2136 | D:2      | Slain by Crazy Yiuf

Illustrated notes

Levels and vault maps discovered:
D:1:      roderic_dead_forest, layout_basic
D:2:      layout_loops_ring, shapermc_ecumenical_altar_starsandcircs,
          fountainhead, uniq_crazy_yiuf_cottage

Skill      XL: |  1  2  3 |
---------------+----------+-----
Fighting       | 1 |  1.9
Conjurations   | 2 3 |  3.1
Dodging        | |  2.1
Stealth        | |  2.0
Spellcasting   | |  2.0
Air Magic      | |  4.9

Action                     |  1- 3 |  4- 6 || total
---------------------------+-------+-------++-------
  Melee: Unarmed           |     9 |       ||     9
         Peck              |     2 |       ||     2
         Kick              |     1 |       ||     1
   Cast: Shock             |    76 |    20 ||    96
 Armour: Robe              |     5 |       ||     5
  Dodge: Dodged            |    21 |     2 ||    23

Table legend: (Time is in decaauts)
 A = Elapsed time spent in this place.
 B = Non-inter-level travel time spent in this place.
 C = Inter-level travel time spent in this place.
 D = Time resting spent in this place.
 E = Time spent auto-exploring this place.
 F = Levels seen in this place.
 G = Mean time per level.
                   A        B        C        D        E       F      G
               +--------+--------+--------+--------+--------+-----+--------+
         Total |   2137 |   2112 |     25 |      0 |   1898 |   2 | 1068.5 |
       Dungeon |   2137 |   2112 |     25 |      0 |   1898 |   2 | 1068.5 |
               +--------+--------+--------+--------+--------+-----+--------+

Top non-repeatable levels by time:
     D:1: 1111 daAuts
     D:2: 1026 daAuts
